 Dungeon Crawl Stone Soup version 0.31-a0-765-g67fe2935dc (webtiles) character file.

Game seed: 10813453766381658304

1463 senseless the Trooper (level 8, 0/65 HPs)
             Began as a Demonspawn Fighter on Sept 15, 2023.
             Was a Follower of Okawaru.
             Slain by a gnoll sergeant
             ... wielding a +0 spear
              (2 damage)
             ... on level 6 of the Dungeon.
             The game lasted 00:13:11 (4161 turns).

senseless the Trooper (Demonspawn Fighter)          Turns: 4161, Time: 00:13:13

Health: 0/65       AC: 23    Str: 19    XL:     8   Next: 48%
Magic:  7/8        EV:  6    Int: 10    God:    Okawaru [*.....]
Gold:   292        SH:  4    Dex: 12    Spells: 7/7 levels left

rFire   . . .        y - +2 war axe (heavy)
rCold   . . .        (no shield)
rNeg    . . .        w - +0 plate armour
rPois   +            o - +0 helmet
rElec   .            x - +0 cloak
rCorr   .            l - +2 pair of gloves
SInv    .            j - +0 pair of boots
Will    .....        (no amulet) Stlth
                     s - ring of poison resistance
HPRegen 0.30/turn    (no ring)
MPRegen 0.11/turn

%: no passive effects
@: about to teleport
A: icemail 1, powered by death 1, condensation shield, demonic touch 2
a: Renounce Religion, Heroism


You were on level 6 of the Dungeon.
You worshipped Okawaru.
Okawaru was aware of your devotion.
You visited 2 branches of the dungeon, and saw 7 of its levels.
You also visited: Sewer.

You collected 292 gold pieces.

Inventory:

Hand Weapons
 a - a +2 war axe
 y - a +2 heavy war axe (weapon)
Armour
 j - a +0 pair of boots (worn)
 l - a +2 pair of gloves (worn)
 o - a +0 helmet (worn)
 w - a +0 plate armour (worn)
 x - a +0 cloak (worn)
Jewellery
 s - a ring of poison resistance (left hand)
Talismans
 h - a flux talisman
 i - a maw talisman
Wands
 v - a wand of paralysis (8) (quivered)
Scrolls
 p - a scroll of poison
Potions
 c - a potion of enlightenment {unknown}
 d - a potion of might
 e - 3 potions of curing
 f - 2 potions of lignification
 g - 2 potions of heal wounds
 k - a potion of degeneration {unknown}
 m - a potion of berserk rage {unknown}
 n - 4 potions of haste
 q - a potion of mutation {unknown}
 t - a potion of ambrosia {unknown}
 u - a potion of attraction {unknown}


   Skills:
 + Level 6.8 Fighting
 + Level 5.7 Axes
 + Level 6.1 Armour
 - Level 3.0 Shields


You had 7 spell levels left.
You didn't know any spells.
Your spell library contained the following spells:

 Spells                   Type           Power      Damage    Failure   Level
 Lesser Beckoning         Tloc           0%         N/A       100%        2
 Gell's Gravitas          Tloc           0%         N/A       100%        3
 Inner Flame              Hex/Fire       0%         N/A       100%        3
 Teleport Other           Tloc           0%         N/A       100%        3
 Yara's Violent Unravell  Hex/Tmut       0%         3d3       100%        5
 Enfeeble                 Hex            0%         N/A       100%        7


Dungeon Overview and Level Annotations

Branches:
Dungeon (6/15)             Temple (1/1) D:4           Sewer (visited)

Altars:
Ashenzari
Cheibriados
Dithmenos
Fedhas
Gozag
Hepliaklqana
Makhleb
Nemelex Xobeh
Okawaru
Qazlal
Ru
Trog
Uskayaw
Vehumet
Wu Jian
Yredelemnul


Innate Abilities, Weirdness & Mutations

A meltable icy envelope protects you from harm. (AC +4)
You regenerate a little health from kills.
A meltable shield of frost defends you. (SH +4)
Your touch may inflict irresistible damage on your foes.


Message History

The orc hits you from afar with a +0 trident.
The yak gores you but does no damage.
You block the vampire mosquito's attack.
Your base Armour skill increases to level 6!
You slash the vampire mosquito! Your touch misses the vampire mosquito.
The vampire mosquito is almost destroyed.
You slice the yak!!
You feel like a meek peon again. The vampire mosquito bites you!
* * * LOW HITPOINT WARNING * * *
The vampire mosquito draws strength from your injuries!
The orc hits you but does no damage. The yak gores you but does no damage.
The gnoll sergeant hits you but does no damage.
The vampire mosquito bites you but does no damage.
The orc hits you but does no damage. The yak gores you but does no damage.
The gnoll sergeant hits you but does no damage.
As you read the scroll of teleportation, it crumbles to dust.
You feel strangely unstable.
You block the vampire mosquito's attack.
The vampire mosquito bites you.
* * * LOW HITPOINT WARNING * * *
The vampire mosquito draws strength from your injuries!
The orc hits you from afar with a +0 trident.
* * * LOW HITPOINT WARNING * * *
The yak gores you but does no damage.
The gnoll sergeant hits you from afar with a +0 spear!
* * * LOW HITPOINT WARNING * * *
You closely miss the yak.
The yak is almost dead.
You hit the adder. You closely miss the vampire mosquito.
The vampire mosquito bites you but does no damage.
You block the vampire mosquito's attack.
The adder bites you but does no damage.
The vampire mosquito bites you but does no damage.
The adder barely misses you.
The orc hits you from afar with a +0 trident.
* * * LOW HITPOINT WARNING * * *
The yak closely misses you.
The gnoll sergeant hits you from afar with a +0 spear.
You die...

############...........
....................###
############.######.#
######.# # #....).####
+....))†..#
#.....#...##
.......'..S.#
......##..y@#
.........g#Y#
..........#5o.
...........lg..
..........!....
.............
...y..........
.........#


You could see a yak, a vampire mosquito, a gnoll sergeant, an iguana, a gnoll,
an adder, an orc and an ufetubus.

Vanquished Creatures
  A gargoyle (D:6)
  A water moccasin (D:6)
  A black bear (D:5)
  A sky beast (D:6)
  A centaur (D:6)
  A scorpion (D:6)
  A wight (D:6)
  A howler monkey (D:6)
  Crazy Yiuf (D:3)
  4 hounds
  2 orc priests (D:5)
  3 orc wizards
  2 iguanas (D:5)
  12 adders
  9 gnolls
  2 river rats (Sewer)
  2 worms (D:3)
  3 dart slugs
  15 orcs
  6 endoplasms
  5 giant cockroaches
  4 goblins
  7 hobgoblins
  7 kobolds
  4 quokkas
  11 ball pythons
  3 bats
  13 frilled lizards
  9 rats
132 creatures vanquished.

Notes
Turn   | Place    | Note
-------+----------+-------------------------------------------
     0 | D:1      | senseless the Demonspawn Fighter began the quest for the
                  | Orb.
     0 | D:1      | Reached XP level 1. HP: 18/18 MP: 1/1
   153 | D:1      | Gained mutation: You regenerate a little health from kills.
                  | [demonic ancestry]
   153 | D:1      | Reached XP level 2. HP: 24/24 MP: 2/2
   248 | D:1      | You fall into a shaft and drop 1 floor!
   437 | D:2      | Gained mutation: Your touch may inflict minor irresistible
                  | damage on your foes. [demonic ancestry]
   437 | D:2      | Reached XP level 3. HP: 24/29 MP: 3/3
   889 | D:1      | Gained mutation: Your touch may inflict irresistible damage
                  | on your foes. [demonic ancestry]
   889 | D:1      | Reached XP level 4. HP: 36/36 MP: 4/4
  1376 | D:2      | Found a faded altar of an unknown god.
  2060 | D:3      | Found a glowing drain.
  2078 | Sewer    | Entered a sewer
  2098 | Sewer    | Gained mutation: A meltable shield of frost defends you.
                  | (SH +4) [demonic ancestry]
  2098 | Sewer    | Reached XP level 5. HP: 41/42 MP: 5/5
  2665 | D:3      | Found a runed translucent door.
  2666 | D:3      | Noticed Crazy Yiuf
  2724 | D:3      | Killed Crazy Yiuf
  2984 | D:4      | Reached XP level 6. HP: 13/49 MP: 6/6
  3532 | D:4      | Found a staircase to the Ecumenical Temple.
  3537 | Temple   | Entered the Ecumenical Temple
  3548 | Temple   | Became a worshipper of Warmaster Okawaru
  3616 | D:5      | Entered Level 5 of the Dungeon
  3685 | D:5      | Reached skill level 5 in Fighting
  3753 | D:5      | Gained mutation: A meltable icy envelope protects you from
                  | harm. (AC +4) [demonic ancestry]
  3753 | D:5      | Reached XP level 7. HP: 55/56 MP: 7/7
  3859 | D:5      | Reached * piety under Okawaru
  4115 | D:6      | Reached skill level 5 in Armour
  4143 | D:6      | Reached skill level 5 in Axes
  4145 | D:6      | Reached XP level 8. HP: 60/64 MP: 8/8
  4149 | D:6      | Noticed a gargoyle
  4158 | D:6      | Killed a gargoyle
  4161 | D:6      | HP: 2/65 [orc/+0 trident (5)]
  4161 | D:6      | Slain by a gnoll sergeant

Illustrated notes

Levels and vault maps discovered:
D:1:      ncdulo_lavacross, layout_basic
D:2:      layout_loops_corners, shapermc_ecumenical_altar_notcrosses,
          hangedman_decor_push, minmay_pentomino_x4
D:3:      layout_loops_ring, portal_sewer_entry_f, uniq_crazy_yiuf_cottage
D:4:      layout_basic, minmay_temple_entry_nine_rooms
D:5:      layout_rooms
D:6:      hangedman_cross_stitches, layout_basic, kennysheep_generic_room_6,
          uniq_jeremiah
Temple:   nicolae_temple_bog_church

Skill      XL: |  1  2  3  4  5  6  7  8 |
---------------+-------------------------+-----
Axes           | 2 3 4 5 |  5.7
Shields        | 3 |  3.0
Armour         | 3 4 5 6 |  6.1
Fighting       | 4 5 6 |  6.8

Action                     |  1- 3 |  4- 6 |  7- 9 || total
---------------------------+-------+-------+-------++-------
  Melee: War axe           |    74 |   197 |    51 ||   322
         Touch             |     5 |    21 |    10 ||    36
         Punch             |       |     2 |       ||     2
 Invoke: Heroism           |       |       |     1 ||     1
    Use: Scroll            |       |    14 |     1 ||    15
         Potion            |       |     1 |       ||     1
 Armour: Scale mail        |    48 |    76 |       ||   124
         Plate armour      |       |   103 |   108 ||   211
  Dodge: Dodged            |    40 |    78 |    39 ||   157
  Block: Buckler           |    11 |       |       ||    11
         Other             |       |    33 |    16 ||    49

Table legend: (Time is in decaauts)
 A = Elapsed time spent in this place.
 B = Non-inter-level travel time spent in this place.
 C = Inter-level travel time spent in this place.
 D = Time resting spent in this place.
 E = Time spent auto-exploring this place.
 F = Levels seen in this place.
 G = Mean time per level.
                   A        B        C        D        E       F      G
               +--------+--------+--------+--------+--------+-----+--------+
         Total |   4319 |   4157 |    162 |      0 |   3183 |   8 |  539.9 |
       Dungeon |   3934 |   3784 |    150 |      0 |   2936 |   6 |  655.7 |
        Temple |     27 |     15 |     12 |      0 |      0 |   1 |   27.0 |
         Sewer |    357 |    357 |      0 |      0 |    247 |   1 |  357.0 |
               +--------+--------+--------+--------+--------+-----+--------+

Top non-repeatable levels by time:
     D:2: 965 daAuts
     D:3: 812 daAuts
     D:1: 800 daAuts
     D:4: 771 daAuts
     D:5: 447 daAuts
   Sewer: 357 daAuts
     D:6: 137 daAuts
  Temple: 27 daAuts
